 Dungeon Crawl Stone Soup version 0.29.1-13-g9f3cf754e1 (webtiles) character file.

Game seed: 7859364229126865155

80 Iago the Insei (level 4, -2/34 HPs)
             Began as a Gnoll Transmuter on Jan 26, 2023.
             Slain by a dart slug (3 damage)
             ... on level 2 of the Dungeon.
             The game lasted 00:06:02 (1029 turns).

Iago the Insei (Gnoll Transmuter)                   Turns: 1029, Time: 00:06:02

Health: -2/34      AC:  2    Str:  9    XL:     4   Next: 39%
Magic:  11/11      EV: 10    Int: 15    God:
Gold:   60         SH:  0    Dex: 12    Spells: 10/13 levels left

rFire   . . .      SeeInvis .   j - +0 short sword
rCold   . . .      Faith    .   (no shield)
rNeg    . . .      Spirit   .   a - +0 robe
rPois   .          Reflect  .   (no helmet)
rElec   .          Harm     .   (no cloak)
rCorr   .          Rampage  .   (no gloves)
Will    .....                   (no boots)
Stlth   ++........              (no amulet)
HPRegen 0.11/turn               (no ring)
MPRegen 0.12/turn               (no ring)

@: constricted
A: fangs 1, strong nose, distributed training
a: no special abilities


You were on level 2 of the Dungeon.
You visited 1 branch of the dungeon, and saw 2 of its levels.

You collected 60 gold pieces.

Inventory:

Hand Weapons
 j - a +0 short sword (weapon)
Missiles
 l - 3 poisoned darts (quivered)
Armour
 a - a +0 robe (worn)
Scrolls
 c - a scroll of blinking {unknown}
 f - a scroll of teleportation {unknown}
 i - a scroll of brand weapon {unknown}
Potions
 b - a potion of lignification
 d - a potion of magic {unknown}
 e - a potion of invisibility {unknown}
 h - a potion of flight {unknown}
 k - a potion of curing {unknown}


   Skills:
 + Level 2.8 Fighting
 + Level 1.2 Short Blades
 + Level 1.2 Long Blades
 + Level 1.2 Axes
 + Level 1.2 Maces & Flails
 + Level 1.2 Polearms
 + Level 1.2 Staves
 + Level 1.2 Ranged Weapons
 + Level 1.2 Throwing
 + Level 1.2 Armour
 + Level 4.6 Dodging
 + Level 1.2 Stealth
 + Level 1.2 Shields
 + Level 6.6 Unarmed Combat
 + Level 5.1 Spellcasting
 + Level 1.0 Conjurations
 + Level 1.0 Hexes
 + Level 1.0 Summonings
 + Level 1.0 Necromancy
 + Level 1.0 Translocations
 + Level 3.8 Transmutations
 + Level 1.0 Fire Magic
 + Level 1.0 Ice Magic
 + Level 1.0 Air Magic
 + Level 1.0 Earth Magic
 + Level 1.0 Poison Magic
 + Level 1.3 Invocations
 + Level 1.2 Evocations


You had 10 spell levels left.
You knew the following spells:

 Your Spells              Type           Power      Damage    Failure   Level
a - Beastly Appendage     Tmut           30%        N/A       3%          1
b - Wereblood             Tmut           15%        N/A       4%          2

Your spell library contained the following spells:

 Spells                   Type           Power      Damage    Failure   Level
 Spider Form              Tmut/Pois      11%        N/A       19%         3
 Stone Arrow              Conj/Erth      12%        3d7       32%         3
 Ice Form                 Ice/Tmut       11%        N/A       52%         4
 Animate Armour           Summ/Erth      12%        N/A       71%         4
 Lehudib's Crystal Spear  Conj/Erth      3%         10d2      100%        8


Dungeon Overview and Level Annotations

Branches:
Dungeon (2/15)

Altars:

Shops:
D:1 ?


Innate Abilities, Weirdness & Mutations

You have very sharp teeth.
Your uncanny sense of smell can sniff out nearby items.
Your experience applies equally to all skills.


Message History

A jackal comes into view.
An adder comes into view.
A jackal comes into view.
The adder hisses angrily.
The frilled lizard attacks as you move away!
The frilled lizard bites you but does no damage.
The jackal barks!
The jackal barely misses you. The adder barely misses you.
An adder comes into view.
The jackal bites you but does no damage.
Found a scroll labelled PIZOMNIMYCKA.
The adder misses you. The jackal barely misses you. The adder misses you.
The frilled lizard attacks as you move away!
The frilled lizard bites you. The jackal closely misses you.
The adder barely misses you. The jackal misses you. The jackal bites you.
* * * LOW HITPOINT WARNING * * *
The frilled lizard attacks as you move away!
The frilled lizard closely misses you. The jackal attacks as you move away!
The jackal barely misses you.
A dart slug comes into view.
The dart slug launches a dart at you. The slug dart hits you.
* * * LOW HITPOINT WARNING * * *
The jackal attacks as you move away! The jackal barely misses you.
The adder bites you.
* * * LOW HITPOINT WARNING * * *
The adder completely misses you. The adder bites you.
* * * LOW HITPOINT WARNING * * *
The adder attacks as you move away! The adder bites you but does no damage.
The dart slug bites you but does no damage.
You hit the dart slug but do no damage. The adder misses you.
The jackal barely misses you. The adder bites you but does no damage.
The adder bites you.
* * * LOW HITPOINT WARNING * * *
The ball python completely misses you. The ball python grabs you.
The ball python constricts you.
* * * LOW HITPOINT WARNING * * *
The dart slug bites you.
You die...

.# # #.##.# ...#.##
### ####.......
...##..........
...............
.^.....w.......
.?...lS@.......
......SSh......
.......h.......
.......l.......
#.##.#..
...............
..#.#..
............###
#...... ...#......#.#
####......
###.......#>#
..........
#.........#.###.......


You could see 2 adders, a dart slug, 2 jackals, a ball python and 2 frilled
lizards.

Vanquished Creatures
  A scorpion (D:2)
  3 endoplasms (D:1)
  A giant cockroach (D:1)
  2 goblins (D:1)
  A hobgoblin (D:1)
  2 jackals (D:1)
  2 kobolds (D:1)
  A quokka (D:1)
  4 ball pythons (D:1)
  2 bats (D:1)
  3 frilled lizards (D:1)
  2 rats (D:1)
  2 toadstools (D:1)
26 creatures vanquished.

Vanquished Creatures (others)
  2 toadstools (D:1)
2 creatures vanquished.

Grand Total: 28 creatures vanquished

Notes
Turn   | Place    | Note
-------+----------+-------------------------------------------
     0 | D:1      | Iago the Gnoll Transmuter began the quest for the Orb.
     0 | D:1      | Reached XP level 1. HP: 17/17 MP: 6/6
   119 | D:1      | Found a faded altar of an unknown god.
   336 | D:1      | Reached XP level 2. HP: 17/23 MP: 7/7
   468 | D:1      | Found Paridd's Magic Scroll Emporium.
   675 | D:1      | Reached skill level 5 in Spellcasting
   675 | D:1      | Reached XP level 3. HP: 28/28 MP: 7/9
   809 | D:1      | Learned a level 2 spell: Wereblood
   928 | D:2      | Noticed a scorpion
   940 | D:2      | Killed a scorpion
   941 | D:2      | Reached skill level 1 in Short Blades
   941 | D:2      | Reached skill level 1 in Long Blades
   941 | D:2      | Reached skill level 1 in Axes
   941 | D:2      | Reached skill level 1 in Maces & Flails
   941 | D:2      | Reached skill level 1 in Polearms
   941 | D:2      | Reached skill level 1 in Staves
   941 | D:2      | Reached skill level 1 in Ranged Weapons
   941 | D:2      | Reached skill level 1 in Throwing
   941 | D:2      | Reached skill level 1 in Armour
   941 | D:2      | Reached skill level 1 in Stealth
   941 | D:2      | Reached skill level 1 in Shields
   941 | D:2      | Reached skill level 1 in Conjurations
   941 | D:2      | Reached skill level 1 in Hexes
   941 | D:2      | Reached skill level 1 in Summonings
   941 | D:2      | Reached skill level 1 in Necromancy
   941 | D:2      | Reached skill level 1 in Translocations
   941 | D:2      | Reached skill level 1 in Fire Magic
   941 | D:2      | Reached skill level 1 in Ice Magic
   941 | D:2      | Reached skill level 1 in Air Magic
   941 | D:2      | Reached skill level 1 in Earth Magic
   941 | D:2      | Reached skill level 1 in Poison Magic
   941 | D:2      | Reached skill level 1 in Invocations
   941 | D:2      | Reached skill level 1 in Evocations
   941 | D:2      | Reached XP level 4. HP: 19/34 MP: 7/11
  1029 | D:2      | HP: 1/34 [constriction (1)]
  1029 | D:2      | Slain by a dart slug

Illustrated notes

Levels and vault maps discovered:
D:1:      ldierk_water_garden, layout_rooms,
          hellmonk_ecumenical_altar_slurped_away, serial_shops, shop
D:2:      layout_rooms

Skill      XL: |  1  2  3 |
---------------+----------+-----
Spellcasting   | 5 |  5.1
Short Blades   | 1 |  1.2
Long Blades    | 1 |  1.2
Axes           | 1 |  1.2
Maces & Flails | 1 |  1.2
Polearms       | 1 |  1.2
Staves         | 1 |  1.2
Ranged Weapons | 1 |  1.2
Throwing       | 1 |  1.2
Armour         | 1 |  1.2
Stealth        | 1 |  1.2
Shields        | 1 |  1.2
Conjurations   | 1 |  1.0
Hexes          | 1 |  1.0
Summonings     | 1 |  1.0
Necromancy     | 1 |  1.0
Translocations | 1 |  1.0
Fire Magic     | 1 |  1.0
Ice Magic      | 1 |  1.0
Air Magic      | 1 |  1.0
Earth Magic    | 1 |  1.0
Poison Magic   | 1 |  1.0
Invocations    | 1 |  1.3
Evocations     | 1 |  1.2
Fighting       | |  2.8
Dodging        | |  4.6
Unarmed Combat | |  6.6
Transmutations | |  3.8

Action                   |  1- 3 |  4- 6 || total
-------------------------+-------+-------++-------
Melee: Dagger            |    18 |       ||    18
       Unarmed           |     9 |       ||     9
       Kick              |    16 |       ||    16
       Headbutt          |     7 |       ||     7
       Short sword       |    36 |     1 ||    37
       Bite              |     2 |       ||     2
 Cast: Beastly Appendage |     8 |       ||     8
       Wereblood         |     2 |       ||     2
Armor: Robe              |    11 |     8 ||    19
Dodge: Dodged            |    58 |    31 ||    89
